 Seeded DCSS version 0.27.1-3-gb3d3a73c9e (webtiles) character file.

Game seed: 20211020 (custom seed)

88 jessy the Chopper (level 4, -2/40 HPs)
             Began as a Hill Orc Berserker on Oct 20, 2021.
             Was a Follower of Qazlal.
             Slain by a polar bear (18 damage)
             ... created by the rage of Trog
             ... on level 2 of the Dungeon.
             The game lasted 00:07:11 (1567 turns).

jessy the Chopper (Hill Orc Berserker)              Turns: 1567, Time: 00:07:11

Health: -2/40      AC:  6    Str: 20    XL:     4   Next: 54%
Magic:  4/4        EV: 10    Int:  7    God:    Qazlal [*.....]
Gold:   63         SH:  2    Dex: 10    Spells: 3/3 levels left

rFire    . . .     SeeInvis .   h - +2 short sword (elec)
rCold    . . .     Faith    .   (no shield)
rNeg     . . .     Spirit   .   f - +0 scale mail
rPois    .         Reflect  .   (no helmet)
rElec    .         Harm     .   (no cloak)
rCorr    .         Rampage  .   (no gloves)
Will     .....                  (no boots)
Stlth    ..........             l - amulet of regeneration
HPRegen  1.13/turn              (no ring)
MPRegen  0.09/turn              (no ring)

@: no status effects
A: no striking features
a: Renounce Religion


You were on level 2 of the Dungeon.
You worshipped Qazlal.
Qazlal was aware of your devotion.
You visited 1 branch of the dungeon, and saw 2 of its levels.

You collected 63 gold pieces.

Inventory:

Hand Weapons
 a - a +0 hand axe
 h - a +2 short sword of electrocution (weapon)
Missiles
 c - 77 stones (quivered)
 e - 23 arrows
Armour
 b - a +0 animal skin
 f - a +0 scale mail (worn)
 g - a +0 leather armour
Magical Staves
 j - a staff of fire
Jewellery
 l - an amulet of regeneration (around neck)
Scrolls
 d - a scroll of fog {unknown}
 k - 2 scrolls of identify {unknown}


   Skills:
 + Level 4.2 Fighting
 + Level 0.2 Short Blades
 + Level 5.5 Axes
 + Level 2.4 Armour
 + Level 1.9 Dodging
 + Level 1.0 Stealth


You had 3 spell levels left.
You didn't know any spells.
Your spell library was empty.

Dungeon Overview and Level Annotations

Branches:
Dungeon (2/15)

Altars:
Qazlal


Message History

Things that are here:
a +0 whip; 23 stones The hobgoblin hits you.
You closely miss the hobgoblin.
The hobgoblin hits you but does no damage.
You hit the hobgoblin.
The hobgoblin is lightly wounded.
The hobgoblin hits you but does no damage.
The hobgoblin closely misses you.
You closely miss the hobgoblin.
The hobgoblin is lightly wounded.
The hobgoblin hits you.
You hit the hobgoblin but do no damage.
Lightning courses through the hobgoblin!
You kill the hobgoblin!
Qazlal accepts your kill.
There is a stone staircase leading up here.
You see here a hobgoblin corpse.
Found a robe.
Trog sends monsters to punish you. 4 polar bears and a black bear come into view.
You hit the polar bear but do no damage.
Lightning courses through the polar bear!
The polar bear is moderately wounded.
You hit the polar bear but do no damage.
Lightning courses through the polar bear!
The polar bear is heavily wounded.
The polar bear closely misses you.
The polar bear claws you but does no damage.
The polar bear closely misses you. The polar bear bites you.
The polar bear claws you. The polar bear barely misses you. x2
The polar bear claws you but does no damage. x2
The polar bear completely misses you. The polar bear barely misses you.
The polar bear closely misses you.
You closely miss the polar bear.
The polar bear is heavily wounded.
The polar bear bites you!! The polar bear misses you.
The polar bear claws you but does no damage.
The polar bear bites you!!
You die...

#... . #†.. #[ #††. #.
#... #.##### #...
#.....#######...
#.#######....)........##
#....hhh###.<##.#######
##@# #......... #hh#
#.........
#..###..........#
#...............#
#.......##.######
#..#######.# #..# .#
##.# #.#


You could see 4 polar bears and a black bear (berserk).

Vanquished Creatures
  4 adders (D:2)
  2 dart slugs (D:2)
  6 ball pythons
  4 endoplasms (D:1)
  A giant cockroach (D:1)
  8 hobgoblins
  4 quokkas
  2 bats (D:1)
  5 frilled lizards
  4 goblins
  5 kobolds
  4 rats
49 creatures vanquished.

Notes
Turn   | Place    | Note
-------+----------+-------------------------------------------
     0 | D:1      | jessy the Hill Orc Berserker began the quest for the Orb.
     0 | D:1      | Reached XP level 1. HP: 19/19 MP: 1/1
   356 | D:1      | Reached XP level 2. HP: 26/27 MP: 2/2
   809 | D:1      | Reached XP level 3. HP: 27/33 MP: 3/3
  1167 | D:2      | Reached skill level 5 in Axes
  1169 | D:2      | Found a faded altar of an unknown god.
  1178 | D:2      | Fell from the grace of Trog
  1178 | D:2      | Became a worshipper of Qazlal Stormbringer
  1178 | D:2      | Reached * piety under Qazlal
  1288 | D:2      | Reached XP level 4. HP: 40/40 MP: 4/4
  1418 | D:2      | Reached skill level 1 in Stealth
  1565 | D:2      | Noticed a polar bear
  1565 | D:2      | Noticed a polar bear
  1565 | D:2      | Noticed a black bear
  1565 | D:2      | Noticed a polar bear
  1565 | D:2      | Noticed a polar bear
  1567 | D:2      | Slain by a polar bear

Illustrated notes

Levels and vault maps discovered:
D:1:      minmay_arrival_split_and_join, layout_basic, minmay_domino_4
D:2:      layout_basic, ebering_ecumenical_altar_rust, minmay_crystal_water,
          grunt_ministairs_1

Skill      XL: |  1  2  3  4 |
---------------+-------------+-----
Fighting       | 4 |  4.2
Axes           | 5 |  5.5
Stealth        | 1 |  1.0
Short Blades   | |  0.2
Armour         | |  2.4
Dodging        | |  1.9

Action                   |  1- 3 |  4- 6 || total
-------------------------+-------+-------++-------
Melee: Hand axe          |    62 |       ||    62
       Short sword       |    22 |    57 ||    79
       Staff             |     4 |       ||     4
  Use: Potion            |       |     3 ||     3
       Scroll            |       |     1 ||     1
 Stab: Sleeping          |     1 |       ||     1
Armor: Animal skin       |    19 |       ||    19
       Scale mail        |     7 |    39 ||    46
Dodge: Dodged            |    58 |    58 ||   116
Block: Other             |       |     4 ||     4
